Map: Efflorescence LE

Players

OpuS - Winner!

  • Race: Protoss Protoss
  • League: Platinum
  • Spawn Location: 12:00

Sketchaphone - Winner!

  • Race: Zerg Zerg
  • League: Platinum
  • Spawn Location: 3:00

microjackson

  • Race: Terran Terran
  • League: Diamond
  • Spawn Location: 9:00

Reverence

  • Race: Terran Terran
  • Spawn Location: 6:00

VOD

Have the link to the VOD?

Description

Time

  • Played on: Feb. 15, 2019, 8:08 p.m.
  • Length: 17:25
Show
View Real Time Build Order
Export as new Build Order

OpuS Protoss - Winner!

Build Orders: Colossus Rush 

Get SALT Encoding   

  12  0:01  Probe  
  13  0:14  Probe  
  14  0:19  Pylon  
  14  0:26  Probe  
  15  0:36  Probe  
  15  0:39  Gateway  
  16  0:44  Probe  
  17  0:52  Assimilator  
  17  0:53  Probe  
  18  0:58  Assimilator  
  18  1:04  Probe  
  19  1:11  Gateway  
  19  1:14  Probe  
  20  1:22  Probe  
  20  1:32  Probe  
  21  1:34  Cybernetics Core  
  22  1:41  Pylon  
  22  1:51  Probe  
  23  2:00  Warp Gate  
  23  2:03  Probe  
  24  2:11  Stalker x2  
  28  2:16  Probe  
  29  2:29  Pylon  
  29  2:51  Nexus  
  29  2:57  Pylon  
  29  2:59  Probe  
  30  3:08  Stalker  
  32  3:15  Stalker  
  34  3:25  Robotics Facility  
  34  3:37  Gateway  
  34  3:43  Probe  
  35  3:52  Pylon  
  35  3:55  Probe  
  36  4:04  Probe  
  37  4:13  Robotics Bay  
  37  4:31  Stalker x2  
  41  4:33  Stalker  
  41  4:35  Probe  
  41  4:36  Probe  
  45  4:48  Probe x2  
  47  4:59  Colossus, Forge  
  47  5:01  Probe x2  
  55  5:12  Stalker  
  55  5:13  Probe  
  58  5:15  Stalker  
  58  5:19  Stalker  
  62  5:21  Protoss Ground Weapons Level 1  
  62  5:22  Probe  
  62  5:28  Pylon  
  63  5:35  Probe x2  
  65  5:39  Stalker  
  67  5:47  Gateway  
  67  5:51  Extended Thermal Lance  
  67  5:53  Probe x2  
  69  6:03  Colossus  
  75  6:05  Probe  
  75  6:10  Probe  
  77  6:14  Assimilator  
  77  6:17  Probe  
  77  6:23  Assimilator  
  77  6:24  Pylon  
  77  6:26  Pylon  
  77  6:30  Gateway  
  77  6:31  Probe  
  78  6:39  Gateway  
  78  6:43  Gateway  
  78  6:44  Colossus  
  78  6:47  Twilight Council  
  78  6:55  Probe x2  
  86  7:04  Pylon  
  86  7:06  Pylon  
  86  7:14  Blink  
  86  7:25  Protoss Ground Weapons Level 2  
  86  7:26  Stalker  
  86  7:28  Stalker  
  90  7:36  Zealot x4  
  98  7:49  Colossus  
  104  8:03  Nexus  
  104  8:09  Pylon  
  104  8:11  Pylon  
  104  8:20  Templar Archives  
  104  8:25  Zealot x2  
  108  8:29  Zealot  
  110  8:44  Observer  
  110  8:48  Pylon  
  111  8:50  Pylon  
  111  8:53  Zealot x2  
  115  9:05  Observer  
  112  9:15  Charge  
  76  9:28  Zealot  
  76  9:29  Zealot x6  
  68  9:40  Colossus  
  74  9:45  Psionic Storm  
  74  9:53  Stalker x2  
  74  9:54  Stalker  
  74  9:59  Stalker  
  82  10:14  Stalker x2, Zealot  
  82  10:16  Probe x3  
  89  10:36  Colossus  
  93  10:43  Stalker x2  
  93  10:44  Zealot  
  93  10:45  Zealot x3  
  93  10:47  Probe x2  
  93  10:48  Probe  
  108  10:54  Protoss Ground Weapons Level 3  
  108  11:02  Probe x3  
  111  11:06  Assimilator  
  111  11:11  Assimilator  
  89  11:32  High Templar x4  
  87  11:33  High Templar  
  87  11:34  Zealot x2  
  87  11:36  Probe x3  
  100  11:43  Forge  
  100  11:47  Forge  
  100  11:55  Nexus  
  100  11:58  Stalker x2  
  104  12:06  Stalker x3  
  104  12:07  Stalker x2  
  98  12:30  Stalker x4  
  98  12:31  Stalker  
  108  12:46  Colossus  
  110  12:58  Zealot  
  110  12:59  Zealot x4  
  110  13:00  Zealot x2  
  124  13:09  Pylon  
  124  13:12  Pylon  
  124  13:13  Probe x4  
  125  13:34  Archon x2  
  101  13:53  Stalker x4  
  101  13:54  Stalker x3  
  97  13:56  Probe x3  
  97  13:57  Probe  
  97  14:00  Gateway  
  97  14:02  Gateway  
  99  14:04  Gateway  
  99  14:08  Probe  
  86  14:24  Gateway  
  86  14:29  Colossus  
  82  14:35  Stalker x4  
  82  14:36  Stalker x3  
  96  14:43  Probe x2  
  96  14:44  Probe  
  96  14:45  Probe  
  106  14:59  High Templar x4  
  114  15:00  High Templar x4, Robotics Facility  
  114  15:02  High Templar  
  114  15:04  High Templar  
  126  15:11  Protoss Shields Level 1, Protoss Ground Armor Level 1  
  126  15:17  Probe x4  
  130  15:29  Probe x4  
  130  15:30  Assimilator  
  134  15:35  Assimilator  
  134  15:36  Zealot  
  134  15:37  Stalker  
  134  15:40  Colossus  
  134  15:41  Probe  
  145  15:52  Colossus  
  135  16:40  Zealot  
  135  16:41  Zealot x6  
  135  16:42  Zealot x4  
  157  16:58  Nexus  
  157  17:01  Pylon x2  
  157  17:03  Pylon  
  157  17:05  Pylon  
  157  17:07  Assimilator  
  145  17:12  Assimilator  
  145  17:14  Archon x4  
  139  17:22  Zealot x2  
Show
View Real Time Build Order
Export as new Build Order

Sketchaphone Zerg - Winner!

Build Orders: Hatch First, Lurkers, Muta Ling Bane 

Get SALT Encoding   

  12  0:01  Drone  
  13  0:12  Overlord  
  13  0:18  Drone  
  14  0:30  Drone x2  
  14  0:34  Drone  
  17  0:59  Hatchery  
  17  1:01  Drone  
  17  1:03  Drone, Extractor  
  17  1:08  Drone  
  18  1:23  Spawning Pool  
  17  1:28  Drone  
  18  1:43  Drone  
  18  1:44  Overlord  
  19  1:55  Drone  
  20  2:02  Drone  
  21  2:09  Metabolic Boost  
  21  2:10  Queen  
  21  2:13  Drone  
  23  2:23  Drone  
  23  2:24  Overlord  
  23  2:25  Drone  
  25  2:31  Spine Crawler  
  24  2:39  Spine Crawler  
  24  2:40  Drone  
  24  2:46  Drone  
  25  2:51  Pneumatized Carapace  
  25  2:58  Queen  
  25  3:03  Drone  
  25  3:04  Drone  
  29  3:08  Drone  
  29  3:09  Drone  
  31  3:13  Drone  
  31  3:16  Zergling x2  
  33  3:31  Zergling x2  
  34  3:35  Hatchery  
  34  3:36  Drone  
  34  3:43  Queen  
  34  3:46  Drone  
  37  3:55  Drone x3  
  40  4:00  Drone x2  
  42  4:07  Overlord  
  42  4:08  Overlord  
  42  4:10  Drone  
  43  4:24  Baneling Nest  
  42  4:36  Spore Crawler  
  42  4:37  Drone x6  
  47  4:38  Spore Crawler  
  47  4:41  Zergling x2  
  47  4:51  Zergling x4  
  49  4:59  Evolution Chamber  
  48  5:12  Queen  
  48  5:13  Overlord x3, Drone  
  51  5:15  Overlord  
  51  5:20  Drone  
  52  5:21  Overlord, Drone  
  52  5:25  Zergling x8  
  57  5:35  Drone  
  57  5:37  Zerg Ground Armor Level 1  
  58  5:44  Extractor  
  58  5:45  Lair, Extractor  
  58  5:47  Overlord  
  58  5:48  Queen  
  58  5:55  Spore Crawler  
  58  5:56  Drone x4  
  58  5:57  Drone x4  
  65  6:09  Overlord  
  65  6:12  Overlord  
  65  6:17  Drone  
  65  6:18  Drone x3, Extractor  
  68  6:23  Queen  
  70  6:30  Drone x5  
  75  6:42  Overlord x2  
  75  6:45  Evolution Chamber  
  74  6:50  Spire  
  74  6:52  Drone x8, Extractor  
  74  6:53  Extractor  
  79  7:13  Zergling x10  
  79  7:14  Zergling x8  
  87  7:23  Spine Crawler  
  87  7:25  Queen  
  88  7:34  Zerg Melee Weapons Level 1  
  88  7:40  Centrifical Hooks  
  88  7:41  Overlord x2  
  88  7:43  Overlord  
  88  7:51  Overlord  
  88  7:52  Overlord  
  88  7:53  Drone x3  
  88  7:54  Drone  
  92  8:07  Mutalisk x9  
  92  8:09  Zerg Flyer Weapons Level 1  
  92  8:10  Hydralisk Den  
  109  8:19  Baneling x10  
  109  8:45  Lurker Den  
  99  8:58  Mutalisk x4  
  99  8:59  Mutalisk  
  99  9:01  Zergling x22  
  109  9:14  Zergling x6  
  109  9:15  Zergling x4  
  105  9:25  Zergling x6  
  105  9:27  Baneling  
  105  9:28  Baneling x16  
  82  10:16  Hatchery  
  75  10:31  Zergling x16  
  83  10:44  Zergling x4  
  85  10:51  Hatchery  
  85  10:55  Infestation Pit  
  79  11:24  Zergling x18  
  73  11:36  Hydralisk x3  
  75  11:41  Zerg Missile Weapons Level 1  
  75  11:42  Zerg Ground Armor Level 2  
  75  11:44  Zergling x2  
  73  11:49  Queen  
  73  11:50  Drone x3  
  78  12:07  Hydralisk x6  
  78  12:08  Hydralisk  
  92  12:10  Lurker  
  92  12:11  Lurker  
  94  12:30  Grooved Spines, Zergling x2  
  94  12:31  Zergling x16  
  103  12:44  Burrow  
  103  12:46  Zergling x10  
  103  12:48  Queen  
  110  12:54  Overlord  
  110  12:56  Drone x3  
  113  13:01  Drone x4  
  117  13:17  Zergling x14  
  115  13:40  Zergling x18  
  115  13:41  Muscular Augments, Zergling x6  
  107  13:48  Hydralisk x2  
  107  13:54  Hydralisk x4  
  111  13:56  Hive  
  111  14:01  Baneling x11  
  110  14:03  Overlord x2  
  110  14:06  Hydralisk x2  
  110  14:07  Hydralisk  
  115  14:15  Lurker  
  115  14:16  Lurker x3  
  116  14:23  Lurker  
  94  14:39  Lurker  
  94  14:43  Zergling x28  
  108  15:14  Ultralisk Cavern  
  108  15:15  Adrenal Glands  
  108  15:19  Evolution Chamber  
  106  15:23  Extractor  
  106  15:24  Extractor  
  106  15:27  Drone x12, Extractor  
  115  15:29  Extractor  
  114  15:40  Lurker x2  
  116  15:43  Zergling x14  
  109  16:11  Zergling x26  
  114  16:18  Zergling x4  
  115  16:23  Ultralisk x2  
  124  16:35  Zergling x10  
  129  16:56  Spire  
  123  17:10  Hatchery  
  122  17:19  Hatchery  
Show
View Real Time Build Order
Export as new Build Order

microjackson Terran 

Build Orders:  

Get SALT Encoding   

  12  0:01  SCV  
  13  0:16  SCV  
  13  0:19  Supply Depot  
  14  0:28  SCV  
  15  0:41  SCV  
  16  0:43  Barracks  
  16  0:47  Refinery  
  16  0:53  SCV  
  17  1:05  SCV  
  18  1:17  SCV  
  19  1:29  SCV  
  20  1:38  Reaper  
  21  1:42  Orbital Command  
  21  1:52  Supply Depot  
  21  2:06  Command Center  
  21  2:17  Barracks Reactor  
  21  2:18  Barracks  
  21  2:27  SCV  
  22  2:38  Bunker  
  22  2:40  Refinery, SCV  
  23  2:57  SCV  
  24  3:04  Marine x2  
  26  3:06  Barracks Tech Lab  
  26  3:09  SCV  
  27  3:22  Orbital Command  
  27  3:24  SCV  
  28  3:27  Stimpack, Marine  
  28  3:28  Marine x2  
  31  3:35  Orbital Command  
  31  3:36  SCV  
  31  3:38  Factory  
  32  3:45  Marine x2  
  33  3:59  Orbital Command  
  33  4:07  SCV  
  33  4:08  Marine  
  33  4:09  Marine x2  
  37  4:25  Factory Tech Lab  
  37  4:26  Marine x2  
  37  4:27  Starport, Marine  
  40  4:31  Supply Depot  
  40  4:35  SCV, Supply Depot  
  40  4:37  SCV  
  42  4:44  Marine x2  
  44  4:48  SCV  
  44  4:50  SCV  
  46  4:53  Siege Tank  
  49  5:00  SCV  
  49  5:02  SCV  
  51  5:08  Marine x2  
  51  5:14  Marine  
  53  5:16  Starport Reactor  
  54  5:23  Command Center  
  54  5:24  SCV x2  
  56  5:29  Refinery  
  56  5:32  Refinery  
  56  5:36  SCV  
  56  5:39  Siege Tank  
  56  5:41  Marine  
  56  5:42  Marine  
  62  5:47  Combat Shield  
  62  6:11  Starport  
  62  6:17  Supply Depot  
  62  6:22  Supply Depot  
  62  6:35  SCV x2, Viking  
  62  6:36  Orbital Command  
  66  6:43  Marauder, Marine x2  
  70  6:51  Engineering Bay  
  70  6:53  Engineering Bay  
  70  6:54  SCV  
  70  6:56  SCV  
  72  7:04  Siege Tank  
  72  7:08  Orbital Command, Starport Reactor  
  75  7:10  Medivac  
  77  7:18  SCV x2  
  79  7:30  SCV x2  
  80  7:37  SCV  
  80  7:39  Marine x2  
  80  7:40  Marauder  
  80  7:42  SCV x2  
  80  7:43  Barracks  
  80  7:44  Barracks x2  
  87  7:50  Siege Tank  
  90  7:53  Medivac  
  90  7:57  Marine  
  90  7:58  Terran Infantry Weapons Level 1, Terran Infantry Armor Level 1  
  93  8:03  Supply Depot  
  93  8:09  Concussive Shells, Marine, SCV  
  95  8:13  Medivac x3  
  101  8:23  Marine  
  101  8:24  Marauder  
  104  8:28  SCV x3  
  107  8:35  Barracks Reactor, Barracks Tech Lab x2  
  107  8:36  Marine  
  107  8:40  SCV x3  
  107  8:41  Marine  
  112  8:42  Supply Depot  
  112  8:44  Supply Depot  
  112  8:45  Marauder, Supply Depot  
  114  8:54  Marine  
  115  8:58  Marine  
  115  9:01  Missile Turret  
  116  9:05  Missile Turret  
  116  9:08  Armory  
  87  9:25  Marine x2  
  87  9:26  Marauder x3, Marine, Liberator  
  87  9:27  Marine  
  87  9:28  Liberator  
  95  9:36  Missile Turret  
  95  9:38  Missile Turret  
  95  9:39  Missile Turret  
  95  9:43  Marine x2  
  95  9:44  Marine x2  
  102  9:47  Marauder x2  
  102  9:48  Marauder  
  101  9:57  Liberator  
  90  10:06  SCV x3  
  90  10:09  Marauder  
  90  10:10  Marauder x2, Marine x2, Command Center  
  90  10:11  Marine  
  100  10:30  Marauder  
  100  10:31  Refinery  
  100  10:32  Refinery  
  100  10:33  SCV x2  
  102  10:45  Marine  
  102  10:46  Marine x5  
  106  10:52  Terran Infantry Weapons Level 2, Terran Infantry Armor Level 2  
  106  10:59  Barracks  
  106  11:00  Barracks  
  106  11:01  Barracks  
  92  11:14  Marine x4  
  92  11:15  Marauder x3  
  65  11:26  Orbital Command  
  65  11:30  Medivac x2  
  65  11:32  Marine x4  
  64  11:36  Marauder, Marine x2  
  69  11:52  SCV x3  
  72  11:55  Marine x6  
  72  11:57  Marine, Liberator  
  72  11:58  Barracks Reactor x3  
  79  12:04  SCV  
  80  12:14  Liberator  
  83  12:16  Marine x6  
  89  12:23  Marine  
  90  12:34  Marine x3  
  96  12:39  SCV  
  96  12:42  Marauder x2  
  96  12:43  Marauder, Marine x2  
  96  12:44  Marine x4  
  105  12:45  Marine  
  110  12:55  Medivac x2  
  114  12:59  Missile Turret  
  114  13:01  SCV x3  
  114  13:03  Marauder  
  119  13:13  SCV x2  
  119  13:17  Command Center  
  119  13:19  Terran Infantry Weapons Level 3  
  121  13:21  Marine x4  
  121  13:22  Marine x3  
  121  13:24  Liberator x2  
  88  13:46  Orbital Command  
  83  13:57  Marine x2  
  83  13:58  Marine x6  
  80  14:10  Marine x4  
  75  14:34  Marine x5  
  75  14:35  Marine x7  
  74  14:44  SCV x3  
  75  14:49  Viking  
  75  14:52  Viking  
  79  15:00  Marine  
  79  15:01  Marine  
  79  15:02  Marine  
  79  15:06  Planetary Fortress  
  82  15:10  SCV x3  
  85  15:17  Marine  
  85  15:18  Marine x4  
  85  15:19  Marine  
  91  15:36  SCV x2  
  93  15:43  SCV  
  93  15:48  SCV  
  93  15:49  Command Center  
  98  15:50  Marauder x3, Marine  
  62  16:11  Marauder, Marine x4  
  53  16:12  Marauder, Marine x2  
  44  16:37  Marauder x3, Marine x2  
  45  16:43  Marine  
  45  16:47  Marine  
  43  17:06  Marine x3  
Show
View Real Time Build Order
Export as new Build Order

Reverence Terran 

Build Orders:  

Get SALT Encoding   

  12  0:01  SCV  
  13  0:13  SCV  
  14  0:18  Supply Depot  
  14  0:25  SCV  
  15  0:40  SCV  
  15  0:42  Barracks  
  16  0:50  Refinery  
  16  0:52  SCV  
  17  0:57  Refinery  
  17  1:04  SCV  
  17  1:09  Supply Depot  
  18  1:16  SCV  
  19  1:31  Marine  
  20  1:39  Barracks  
  20  1:44  Orbital Command  
  20  1:56  Barracks Reactor  
  20  2:02  Barracks  
  20  2:18  Factory  
  20  2:19  SCV  
  21  2:31  SCV  
  21  2:36  Barracks Tech Lab  
  22  2:37  Marine x2  
  23  2:53  Bunker  
  23  2:55  Marine x2  
  23  2:56  SCV  
  26  3:02  Supply Depot  
  26  3:05  Starport  
  26  3:08  SCV  
  27  3:18  Marine x2  
  29  3:20  SCV  
  30  3:28  Factory Tech Lab  
  30  3:29  Barracks Tech Lab  
  30  3:33  SCV  
  31  3:58  Command Center  
  31  4:05  Siege Tank  
  31  4:08  Stimpack  
  34  4:10  Marine  
  34  4:11  Marine x2  
  37  4:26  Engineering Bay  
  37  4:27  Engineering Bay  
  37  4:35  Starport Reactor  
  37  4:38  Combat Shield  
  37  4:44  Supply Depot  
  37  4:47  Supply Depot  
  37  4:53  Supply Depot  
  37  4:58  Terran Infantry Weapons Level 1  
  37  5:11  Marine x2  
  41  5:18  Medivac  
  41  5:24  Orbital Command  
  41  5:27  SCV  
  42  5:33  Marauder  
  44  5:36  Marine  
  44  5:39  SCV  
  46  5:51  Terran Infantry Armor Level 1, SCV  
  47  5:58  Concussive Shells  
  47  6:01  Medivac  
  49  6:08  Marine x4  
  53  6:11  Refinery  
  53  6:16  Refinery  
  53  6:19  Viking  
  55  6:25  Marine  
  55  6:28  SCV  
  55  6:31  SCV  
  58  6:36  Viking  
  58  6:39  Marine  
  61  6:40  SCV  
  61  6:41  Marine x2  
  61  6:43  SCV  
  65  6:52  SCV  
  66  6:55  SCV  
  66  7:00  Marine x3  
  66  7:01  Marine  
  71  7:03  Viking  
  71  7:06  Viking  
  71  7:08  Supply Depot  
  75  7:13  Supply Depot  
  75  7:16  Supply Depot  
  75  7:18  Marine x2  
  77  7:32  Marauder  
  77  7:33  Marauder, Viking  
  77  7:36  Marine x2, Viking  
  87  7:42  SCV x2  
  89  7:54  Marauder, SCV x2  
  89  7:57  Marauder, Marine x2  
  97  8:01  Cyclone  
  100  8:15  Viking  
  102  8:23  Marine x2, Viking  
  102  8:24  Marauder x2  
  110  8:53  Marauder  
  88  9:12  Viking  
  88  9:13  Viking  
  77  9:31  Marine x4  
  69  9:37  Missile Turret  
  65  9:38  Missile Turret  
  65  9:41  Missile Turret  
  65  9:42  Viking  
  63  9:49  Marine x4  
  62  10:07  Marine x3  
  62  10:12  Missile Turret  
  62  10:13  Missile Turret  
  65  10:17  Missile Turret x2  
  46  10:41  Marauder  
  42  11:01  SCV  
  43  11:05  SCV  
  44  11:13  SCV  
  44  11:15  Armory  
  44  11:17  SCV  
  46  11:25  SCV  
  47  11:29  SCV  
  48  11:37  SCV  
  49  11:48  Marine x4  
  49  11:51  Viking x2  
  57  12:03  Liberator  
  57  12:05  Marine  
  57  12:06  Marauder, Marine  
  57  12:07  Marauder  
  64  12:28  Marauder  
  60  12:50  Marauder x2, Marine x2  
  58  12:53  Viking  
  60  13:03  Viking  
  62  13:07  Command Center  
  62  13:08  Marine  
  62  13:11  Marauder  
  65  13:19  Marauder  
  67  13:23  Viking  
  69  13:33  Marauder  
  71  13:41  Marauder  
  69  13:54  Marauder  
  67  14:00  Marine x2  
  67  14:02  Marauder  
  71  14:03  Viking x2  
  75  14:15  Marauder  
  77  14:18  Marine  
  77  14:23  Marauder  
  61  14:33  Viking  
  61  14:37  Marauder  
  62  14:44  Marine  
  62  14:45  Marauder, Marine  
  64  14:47  Viking  
  66  14:58  Marauder  
  68  15:02  Marine x2, SCV  
  68  15:03  Viking  
  68  15:06  Marine  
  74  15:08  Terran Infantry Weapons Level 2  
  74  15:14  SCV  
  75  15:24  Refinery  
  75  15:26  SCV  
  75  15:27  Refinery  
  75  15:38  SCV  
  76  15:43  Missile Turret  
  76  15:50  SCV  
  76  15:52  Orbital Command  
  77  15:59  Marauder x2, Marine x2  
  77  16:02  Viking  
  77  16:03  Viking  
  87  16:05  Missile Turret  
  85  16:17  Marine  
  57  16:23  Marauder x2, Marine  
  57  16:27  Missile Turret  
  57  16:30  SCV  
  58  16:32  Viking  
  58  16:34  Marine  
  61  16:41  Marine  
  61  16:42  SCV  
  61  16:44  Marauder  
Tags
 
Add a new tag
Caveats
  • Supply blocks, unpowered buildings, or Contaminate may cause inaccurate times.
  • Supply counts are checked every 10 seconds.